 Dungeon Crawl Stone Soup version 0.30.1-3-gfc49f6343a (webtiles) character file.

Game seed: 1777955355995696398

654 Fodor the Covered (level 7, -11/61 HPs)
             Began as a Minotaur Fighter on July 28, 2023.
             Was an Initiate of Gozag.
             Mangled by an ogre
             ... wielding a +0 giant club
              (19 damage)
             ... on level 6 of the Dungeon.
             The game lasted 00:22:05 (4916 turns).

Fodor the Covered (Minotaur Fighter)                Turns: 4916, Time: 00:22:06

Health: -11/61     AC: 16    Str: 22    XL:     7   Next: 29%
Magic:  6/6        EV:  6    Int:  5    God:    Gozag
Gold:   233        SH:  4    Dex: 10    Spells: 6/6 levels left

rFire   . . .        A - +1 hand axe (heavy)
rCold   . . .        c - +0 buckler
rNeg    + . .        q - +1 plate armour
rPois   .            (helmet restricted)
rElec   .            (no cloak)
rCorr   .            (no gloves)
SInv    .            x - +1 pair of boots
Will    .....        b - amulet of the acrobat Stlth
                     p - ring of positive energy
HPRegen 0.30/turn    (no ring)
MPRegen 0.10/turn

%: acrobat
@: no status effects
A: horns 2, retaliatory headbutt
a: Renounce Religion, Potion Petition, Call Merchant, Bribe Branch


You were on level 6 of the Dungeon.
You worshipped Gozag.
Gozag was aware of your devotion.
You visited 2 branches of the dungeon, and saw 7 of its levels.

You collected 299 gold pieces.
You paid 66 gold pieces to Gozag.

Inventory:

Hand Weapons
 s - a +2 whip of flaming
 A - a +1 heavy hand axe (weapon)
Missiles
 a - 3 throwing nets (quivered)
Armour
 c - a +0 buckler (worn)
 q - a +1 plate armour (worn)
 x - a +1 pair of boots (worn)
Jewellery
 b - an amulet of the acrobat (around neck)
 p - a ring of positive energy (left hand)
 v - an amulet of guardian spirit
Wands
 B - a wand of polymorph (4)
Scrolls
 h - 3 scrolls of magic mapping {unknown}
 i - a scroll of vulnerability
 j - a scroll of enchant weapon
 l - 5 scrolls of silence
 m - a scroll of blinking {unknown}
 o - a scroll of noise {unknown}
 t - 2 scrolls of teleportation
 w - a scroll of amnesia {unknown}
 y - a scroll of immolation {unknown}
 z - a scroll of poison {unknown}
Potions
 d - a potion of might
 e - a potion of brilliance {unknown}
 g - 3 potions of magic
 k - 2 potions of lignification
 n - a potion of flight {unknown}
 r - a potion of heal wounds {unknown}
 u - 2 potions of haste {unknown}


   Skills:
 + Level 5.2 Fighting
 + Level 4.7 Long Blades
 + Level 1.2(2.6) Axes
 + Level 3.6(3.7) Maces & Flails
 + Level 6.7 Armour
 + Level 0.8 Dodging
 + Level 4.6 Shields


You had 6 spell levels left.
You didn't know any spells.
Your spell library contained the following spells:

 Spells                   Type           Power      Damage    Failure   Level
 Kiss of Death            Conj/Necr      0%         2d5       100%        1
 Call Canine Familiar     Summ           0%         N/A       100%        3
 Confusing Touch          Hex            0%         N/A       100%        3
 Portal Projectile        Hex/Tloc       0%         N/A       100%        3
 Dispel Undead            Necr           0%         3d6       100%        4
 Leda's Liquefaction      Hex/Erth       0%         N/A       100%        4


Dungeon Overview and Level Annotations

Branches:
Dungeon (6/15)             Temple (1/1) D:5

Altars:
Gozag
Makhleb
Ru
Trog
Yredelemnul
The Shining One


Innate Abilities, Weirdness & Mutations

You have a pair of horns on your head.
You reflexively headbutt those who attack you in melee.


Message History

Found a stone staircase leading down and a stone staircase leading up.
There is a stone staircase leading up here.
A sleepcap comes into view.
Found a bubbling inky potion and a whip.
An ogre comes into view. It is wielding a +0 giant club.
The ogre shouts!
The sleepcap closely misses you.
You slash the sleepcap!
You headbutt the sleepcap, but do no damage.
The sleepcap is moderately damaged.
The sleepcap releases spores at you but does no damage.
You hit the sleepcap. You headbutt the sleepcap.
The sleepcap is heavily damaged.
The sleepcap barely misses you.
The sleepcap releases spores at you but does no damage.
You slash the sleepcap!
You destroy the sleepcap!
You see here 8 gold pieces.
The ogre attacks as you move away!
The ogre hits you with a +0 giant club!!
The ogre misses you.
You see here 8 gold pieces.
You hit the ogre.
The ogre is lightly wounded.
The ogre hits you with a +0 giant club.
You hit the ogre.
The ogre is moderately wounded.
The ogre hits you with a +0 giant club!!
* * * LOW HITPOINT WARNING * * *
The ogre is distracted by your dazzling golden aura.
You slash the ogre!
The ogre is no longer distracted by gold.
The ogre is severely wounded.
The ogre hits you with a +0 giant club.
* * * LOW HITPOINT WARNING * * *
You hit the ogre.
The ogre is severely wounded.
The ogre hits you with a +0 giant club!!
You die...
Your body crumbles into a pile of gold.

#.......# ####
#....>..# #....
##..^....+ !).#
.........######....#
#..<......#....#
#..######.#....#.
#....####........
##...........#.###
...<....@O...#
###..........#
.................
#...#+########....
... ###. .# $


You could see an ogre.

Vanquished Creatures
  A black bear (D:5)
  2 scorpions
  2 hounds (D:5)
  An orc priest (D:5)
  A sleepcap (D:6)
  3 iguanas
  5 orc wizards
  4 adders
  3 gnolls (D:5)
  A shadow imp (D:5)
  7 orcs
  3 bats
  5 endoplasms
  6 goblins
  6 hobgoblins
  2 jackals (D:2)
  3 kobolds
  2 quokkas
  3 ball pythons
  3 frilled lizards
  2 rats (D:1)
65 creatures vanquished.

Notes
Turn   | Place    | Note
-------+----------+-------------------------------------------
     0 | D:1      | Fodor the Minotaur Fighter began the quest for the Orb.
     0 | D:1      | Reached XP level 1. HP: 19/19 MP: 0/0
   973 | D:2      | Reached XP level 2. HP: 27/27 MP: 1/1
   997 | D:2      | Reached skill level 4 in Armour
  1413 | D:2      | Found a faded altar of an unknown god.
  1722 | D:2      | Reached XP level 3. HP: 33/33 MP: 2/2
  2767 | D:4      | Noticed a scorpion
  2775 | D:4      | Killed a scorpion
  2776 | D:4      | Reached skill level 1 in Maces & Flails
  2776 | D:4      | Reached XP level 4. HP: 19/41 MP: 3/3
  2983 | D:4      | Reached XP level 5. HP: 41/47 MP: 4/4
  3181 | D:4      | Reached skill level 5 in Armour
  3486 | D:5      | Entered Level 5 of the Dungeon
  3686 | D:5      | Found a burning altar of Makhleb.
  3819 | D:5      | Found a staircase to the Ecumenical Temple.
  3912 | D:5      | Reached XP level 6. HP: 44/55 MP: 5/5
  3947 | Temple   | Entered the Ecumenical Temple
  3994 | Temple   | Became a worshipper of Gozag Ym Sagoz the Greedy
  4210 | D:5      | Reached skill level 6 in Armour
  4354 | D:5      | Found a bloodstained altar of Trog.
  4432 | D:5      | Reached skill level 5 in Fighting
  4432 | D:5      | Reached XP level 7. HP: 53/61 MP: 6/6
  4633 | D:5      | Reached skill level 1 in Axes
  4916 | D:6      | Mangled by an ogre

Illustrated notes

Levels and vault maps discovered:
D:1:      nagdon_arrival_zigzag_paths, layout_loops_ring, nrook_campfire
D:2:      minmay_wonky_spiral, layout_basic, chequers_ecumenical_altar_lobes
D:3:      layout_rooms
D:4:      layout_loops_cross
D:5:      layout_layer_cave, mainiacjoe_overflow_cross_hatched,
          trog_three_pillars_becter, minmay_temple_entry_glassed_door
D:6:      layout_basic, serial_curves, eino_curves_04, eino_curves_01,
          hellmonk_no_cap, uniq_sigmund, uniq_pikel, uniq_grinder
Temple:   nicolae_temple_slightly_damp_pantheon

Skill      XL: |  1  2  3  4  5  6  7 |
---------------+----------------------+-----
Fighting       | 4 5 |  5.2
Armour         | 4 5 6 |  6.7
Shields        | 4 |  4.6
Long Blades    | 3 4 |  4.7
Maces & Flails | 1 2 3 |  3.6
Axes           | 1 |  1.2
Dodging        | |  0.8

Action                     |  1- 3 |  4- 6 |  7- 9 || total
---------------------------+-------+-------+-------++-------
  Melee: Long sword        |    69 |       |       ||    69
         Headbutt          |    13 |    11 |     6 ||    30
         Whip              |    25 |    43 |       ||    68
         Hand axe          |       |    31 |    43 ||    74
    Use: Scroll            |     1 |     9 |       ||    10
         Potion            |       |       |     2 ||     2
 Armour: Scale mail        |    20 |       |       ||    20
         Plate armour      |    13 |    53 |    39 ||   105
  Dodge: Dodged            |    50 |    25 |    11 ||    86
  Block: Buckler           |    13 |    21 |     4 ||    38
